 Dungeon Crawl Stone Soup version 0.31-a0-986-g5e6e4ef867 (webtiles) character file.

Game seed: 2212276617758194731

31108 serber55 the Fighter (level 13, -2/111 HPs)
             Began as a Gnoll Wanderer on Nov 19, 2023.
             Was a Priest of the Shining One.
             Slain by a catoblepas (8 damage)
             ... while petrified by a catoblepas
             ... on level 1 of the Lair of Beasts.
             The game lasted 00:49:26 (13598 turns).

serber55 the Fighter (Gnoll Wanderer)              Turns: 13598, Time: 00:49:27

Health: -2/111     AC: 13    Str: 13 (16) XL:     13   Next: 56%
Magic:  0/25       EV:  2    Int:  8 (11) God:    the Shining One [***...]
Gold:   50         SH:  0    Dex: 22 (25) Spells: 14/29 levels left

rFire   . . .        a - +2 morningstar (protect)
rCold   . . .        o - +0 buckler
rNeg    + + +        e - +3 leather armour
rPois   ∞            (no helmet)
rElec   .            k - +2 cloak
rCorr   .            i - +0 pair of gloves of Feasting {Will+ Str+4 Int+3 Dex+3}
SInv    .            j - +0 pair of boots
Will    ++...        l - amulet of guardian spirit
Stlth   ++           E - ring of willpower
HPRegen 0.38/turn    B - +4 ring of slaying
MPRegen 0.19/turn

%: guardian spirit
@: petrified, hasted, glowing
A: fangs 1, strong nose, distributed training, agile 1
a: Renounce Religion, Divine Shield, Cleansing Flame


You were on level 1 of the Lair of Beasts.
You worshipped the Shining One.
The Shining One was most pleased with you.
You visited 4 branches of the dungeon, and saw 15 of its levels.

You collected 1893 gold pieces.
You spent 1843 gold pieces at shops.

Inventory:

Hand Weapons
 a - a +2 morningstar of protection (weapon)
 y - a +4 short sword
Missiles
 b - 4 curare-tipped darts
 v - 11 poisoned darts (quivered)
Armour
 e - a +3 leather armour (worn)
 i - the +0 pair of gloves of Feasting (worn) {Will+ Str+4 Int+3 Dex+3}
   (You bought it in a shop on level 2 of the Orcish Mines)

   Str+4:     It affects your strength (+4).
   Int+3:     It affects your intelligence (+3).
   Dex+3:     It affects your dexterity (+3).
   Will+:     It increases your willpower.
 j - a +0 pair of boots (worn)
 k - a +2 cloak (worn)
 o - a +0 buckler (worn)
 x - the +2 pair of gloves "Fedowasa" {rF+}
   (You found it on level 7 of the Dungeon)

   rF+:       It protects you from fire.
Jewellery
 l - an amulet of guardian spirit (around neck)
 r - an amulet of regeneration
 B - a +4 ring of slaying (right hand)
 E - a ring of willpower (left hand)
Wands
 c - a wand of flame (17)
 q - a wand of iceblast (20)
 s - a wand of polymorph (8)
 w - a wand of mindburst (5)
 z - a wand of paralysis (6)
 C - a wand of digging (2)
Scrolls
 d - 5 scrolls of teleportation
 f - 8 scrolls of fear
 g - a scroll of fog
 u - a scroll of amnesia
 A - 2 scrolls of blinking
Potions
 m - a potion of brilliance
 n - 4 potions of curing
 t - a potion of enlightenment


   Skills:
 + Level 13.3 Fighting
 + Level 8.5 Short Blades
 + Level 8.5 Long Blades
 + Level 8.5 Axes
 + Level 8.5 Maces & Flails
 + Level 8.5 Polearms
 + Level 8.5 Staves
 + Level 9.0 Ranged Weapons
 + Level 9.7 Throwing
 + Level 8.5 Armour
 + Level 8.5 Dodging
 + Level 8.5 Stealth
 + Level 8.5 Shields
 + Level 8.5 Unarmed Combat
 + Level 8.5 Spellcasting
 + Level 7.1 Conjurations
 + Level 7.1 Hexes
 + Level 7.1 Summonings
 + Level 7.1 Necromancy
 + Level 7.1 Translocations
 + Level 7.1 Transmutations
 + Level 7.1 Fire Magic
 + Level 7.1 Ice Magic
 + Level 7.1 Air Magic
 + Level 7.1 Earth Magic
 + Level 7.1 Poison Magic
 + Level 9.3 Invocations
 + Level 9.7 Evocations
 + Level 7.8 Shapeshifting


You had 14 spell levels left.
You knew the following spells:

 Your Spells              Type           Power      Damage    Failure   Level
a - Teleport Other        Tloc           14%        N/A       4%          3
b - Frozen Ramparts       Ice            28%        1d5       4%          3
c - Metabolic Englaciati  Hex/Ice        7%         N/A       38%         5
d - Petrify               Tmut/Erth      14%        N/A       16%         4

Your spell library contained the following spells:

 Spells                   Type           Power      Damage    Failure   Level
 Kiss of Death            Conj/Necr      56%        2d9       1%          1
 Lesser Beckoning         Tloc           28%        N/A       2%          2
 Confusing Touch          Hex            14%        N/A       4%          3
 Gell's Gravitas          Tloc           14%        N/A       4%          3
 Dispel Undead            Necr           14%        3d10      16%         4


Dungeon Overview and Level Annotations

Branches:
Dungeon (11/15)            Temple (1/1) D:5            Lair (1/5) D:11
    Orc (2/2) D:11            Elf (0/3) Orc:2

Altars:
Ashenzari
Cheibriados
Dithmenos
Elyvilon
Fedhas
Gozag
Hepliaklqana
Kikubaaqudgha
Makhleb
Nemelex Xobeh
Okawaru
Qazlal
Ru
Sif Muna
Trog
Uskayaw
Vehumet
Wu Jian
Xom
Yredelemnul
Zin
The Shining One

Shops:
D:4 =   D:7 *   Orc:2 :*=[


Innate Abilities, Weirdness & Mutations

You have very sharp teeth.
Your uncanny sense of smell can sniff out nearby items.
Your experience applies equally to all skills.
You are agile. (Dex +4, Str/Int -1)


Message History

You are engulfed in calcifying dust.
You are slowing down.
The wall freezes the catoblepas but does no damage.
The catoblepas gores you!!
* * * LOW HITPOINT WARNING * * *
It was a potion of degeneration.
There was something very wrong with that liquid.
You feel weakened.
You feel dopey.
You feel clumsy.
The wall freezes the catoblepas but does no damage.
You block the catoblepas's attack.
The wall freezes the catoblepas but does no damage.
The catoblepas gores you but does no damage.
Your limbs are stiffening.
It was a potion of haste.
You feel yourself speed up.
The wall freezes the catoblepas but does no damage.
The catoblepas breathes a plume of calcifying dust at you.
The blast of calcifying dust hits you!
* * * LOW HITPOINT WARNING * * *
You have turned to stone.
You are engulfed in calcifying dust.
The wall freezes the catoblepas but does no damage.
The catoblepas gores you!!
* * * LOW HITPOINT WARNING * * *
You are engulfed in calcifying dust.
The wall freezes the catoblepas.
The catoblepas gores you but does no damage.
You are engulfed in calcifying dust.
The wall freezes the catoblepas.
The catoblepas breathes a plume of calcifying dust at you.
The blast of calcifying dust hits you but does no damage.
You are engulfed in calcifying dust.
The wall freezes the catoblepas.
The catoblepas gores you!
* * * LOW HITPOINT WARNING * * *
The wall freezes the catoblepas but does no damage.
The catoblepas gores you!!
* * * LOW HITPOINT WARNING * * *
The frozen ramparts melt away.
The catoblepas gores you but does no damage.
The catoblepas gores you!
* * * LOW HITPOINT WARNING * * *
The catoblepas gores you!!
You die...

#...###.#.###.#.#.....~~
#.......................
#.........#####.####....
#....#..#..###### ##....
###.....##.%..# #.....
#.#........... ##..#†
###....?..#.#. ####.
##........# #.
###@Y....# ###.
#...#...... #...
##.###..... #..P# #.#
####. #...... #.#
..>.##. #.# #... ## #.#
#.. #.# ..


You could see a catoblepas.

Vanquished Creatures
  Fannar (Orc:1)
  A boulder beetle (D:11)
  20 two-headed ogres
  4 ogre magi (Orc:2)
  Pikel (D:9)
  A cyclops (D:11)
  3 orc sorcerers
  2 ugly things
  A black mamba (Lair:1)
  Maurice (Orc:1)
  A gargoyle (D:10)
  An unseen horror (D:10)
  2 trolls
  A hornet (D:10)
  2 shadows (D:11)
  Sigmund (D:3)
  3 wraiths (D:11)
  2 wyverns
  18 yaks
  Grum (D:9)
  A steam dragon (D:7)
  A warg (Orc:1)
  A water moccasin (Lair:1)
  5 ice beasts
  A black bear (D:6)
  11 orc warriors
  28 ogres
  4 wolves (D:9)
  2 centaurs (D:9)
  A phantom (D:5)
  3 lemures (D:9)
  3 kobold brigands
  3 bullfrogs
  A gnoll sergeant (D:5)
  A scorpion (D:5)
  11 wights
  5 killer bees (D:9)
  A howler monkey (D:11)
  4 hounds
  10 orc priests
  5 sleepcaps
  2 iguanas (D:6)
  17 orc wizards
  Ijyb (D:3)
  4 gnolls (D:5)
  9 adders
  2 white imps
  2 worms
  The ghost of petzl the Sneak, a weakling FoDe (D:6)
  4 dart slugs
  67 orcs
  5 ball pythons
  3 bats
  4 endoplasms
  3 giant cockroaches
  6 goblins
  3 hobgoblins
  2 jackals (D:3)
  25 kobolds
  5 quokkas
  3 frilled lizards
  9 rats
346 creatures vanquished.

Notes
Turn   | Place    | Note
-------+----------+-------------------------------------------
     0 | D:1      | Reached skill level 10 in Fighting
     0 | D:1      | serber55 the Gnoll Wanderer began the quest for the Orb.
     0 | D:1      | serber55 set off with the following items: a +3 dagger, 3
                  | curare-tipped darts, a +0 sling, a scroll of teleportation,
                  | a +0 leather armour.
     0 | D:1      | Reached XP level 1. HP: 29/29 MP: 1/1
   110 | D:1      | Reached XP level 2. HP: 36/36 MP: 2/2
   585 | D:2      | Reached XP level 3. HP: 42/42 MP: 3/3
   770 | D:2      | Reached skill level 1 in Invocations
  1136 | D:3      | Reached skill level 1 in Short Blades
  1136 | D:3      | Reached skill level 1 in Long Blades
  1136 | D:3      | Reached skill level 1 in Axes
  1136 | D:3      | Reached skill level 1 in Maces & Flails
  1136 | D:3      | Reached skill level 1 in Polearms
  1136 | D:3      | Reached skill level 1 in Staves
  1136 | D:3      | Reached skill level 1 in Armour
  1136 | D:3      | Reached skill level 1 in Dodging
  1136 | D:3      | Reached skill level 1 in Stealth
  1136 | D:3      | Reached skill level 1 in Shields
  1136 | D:3      | Reached skill level 1 in Unarmed Combat
  1136 | D:3      | Reached skill level 1 in Spellcasting
  1196 | D:3      | Noticed Sigmund
  1219 | D:3      | Killed Sigmund
  1220 | D:3      | Reached skill level 1 in Conjurations
  1220 | D:3      | Reached skill level 1 in Hexes
  1220 | D:3      | Reached skill level 1 in Summonings
  1220 | D:3      | Reached skill level 1 in Necromancy
  1220 | D:3      | Reached skill level 1 in Translocations
  1220 | D:3      | Reached skill level 1 in Transmutations
  1220 | D:3      | Reached skill level 1 in Fire Magic
  1220 | D:3      | Reached skill level 1 in Ice Magic
  1220 | D:3      | Reached skill level 1 in Air Magic
  1220 | D:3      | Reached skill level 1 in Earth Magic
  1220 | D:3      | Reached skill level 1 in Poison Magic
  1220 | D:3      | Reached skill level 1 in Shapeshifting
  1220 | D:3      | Reached XP level 4. HP: 29/48 MP: 2/6
  1220 | D:3      | Reached XP level 5. HP: 33/54 MP: 2/7
  1397 | D:3      | Reached XP level 6. HP: 61/61 MP: 8/8
  1587 | D:3      | Noticed Ijyb
  1620 | D:3      | Killed Ijyb
  1686 | D:3      | Found a stormy altar of Qazlal.
  2092 | D:4      | Reached skill level 5 in Throwing
  2092 | D:4      | Reached skill level 5 in Evocations
  2118 | D:4      | Found Totaohub's Jewellery Shop.
  3032 | D:5      | Entered Level 5 of the Dungeon
  3156 | D:5      | Reached XP level 7. HP: 25/67 MP: 0/10
  3593 | D:5      | Identified the blade talisman "Otyax" {Slay+3}
  3777 | D:5      | Found a staircase to the Ecumenical Temple.
  3784 | Temple   | Entered the Ecumenical Temple
  3795 | Temple   | Became a worshipper of the Shining One
  4146 | D:5      | Reached XP level 8. HP: 74/74 MP: 12/12
  4534 | D:6      | Reached skill level 11 in Fighting
  4948 | D:6      | Found a runed translucent door.
  4964 | D:6      | Noticed petzl's ghost (weakling FoDe)
  4983 | D:6      | Killed petzl's ghost
  5141 | D:6      | Reached XP level 9. HP: 77/81 MP: 14/14
  5301 | D:6      | Gained mutation: You are agile. (Dex +4, Str/Int -1)
                  | [potion of mutation]
  5446 | D:7      | Found a burning altar of Makhleb.
  5522 | D:7      | Found a shimmering blue altar of Sif Muna.
  5615 | D:7      | Found Boceed's General Store.
  5625 | D:7      | Reached skill level 5 in Ranged Weapons
  5823 | D:7      | Reached * piety under the Shining One
  5847 | D:7      | Reached skill level 5 in Invocations
  6108 | D:7      | Identified the +2 pair of gloves "Fedowasa" {rF+}
  6459 | D:8      | Reached XP level 10. HP: 82/88 MP: 15/17
  6515 | D:8      | Reached skill level 5 in Short Blades
  6515 | D:8      | Reached skill level 5 in Long Blades
  6515 | D:8      | Reached skill level 5 in Axes
  6515 | D:8      | Reached skill level 5 in Maces & Flails
  6515 | D:8      | Reached skill level 5 in Polearms
  6515 | D:8      | Reached skill level 5 in Staves
  6515 | D:8      | Reached skill level 5 in Armour
  6515 | D:8      | Reached skill level 5 in Dodging
  6515 | D:8      | Reached skill level 5 in Stealth
  6515 | D:8      | Reached skill level 5 in Shields
  6515 | D:8      | Reached skill level 5 in Unarmed Combat
  6515 | D:8      | Reached skill level 5 in Spellcasting
  6601 | D:8      | Found a blossoming altar of Fedhas.
  6722 | D:8      | Found an ornate altar of the Wu Jian Council.
  7123 | D:8      | Identified the +1 quarterstaff of the Crawling Thing
                  | {flame, Fly rN++ Dex+3 Stlth-}
  7619 | D:9      | Noticed Grum
  7647 | D:9      | Killed Grum
  8145 | D:9      | Reached skill level 5 in Shapeshifting
  8201 | D:9      | Reached ** piety under the Shining One
  8372 | D:9      | Noticed Pikel
  8387 | D:9      | Killed Pikel
  8694 | D:10     | Entered Level 10 of the Dungeon
  8817 | D:10     | Found a hazy altar of Hepliaklqana.
  8819 | D:10     | Noticed an unseen horror
  8826 | D:10     | Killed an unseen horror
  8827 | D:10     | Reached skill level 12 in Fighting
  8827 | D:10     | Reached XP level 11. HP: 92/95 MP: 17/20
  8830 | D:10     | Noticed a purple ugly thing
  8832 | D:10     | Reached skill level 5 in Conjurations
  8832 | D:10     | Reached skill level 5 in Hexes
  8832 | D:10     | Reached skill level 5 in Summonings
  8832 | D:10     | Reached skill level 5 in Necromancy
  8832 | D:10     | Reached skill level 5 in Translocations
  8832 | D:10     | Reached skill level 5 in Transmutations
  8832 | D:10     | Reached skill level 5 in Fire Magic
  8832 | D:10     | Reached skill level 5 in Ice Magic
  8832 | D:10     | Reached skill level 5 in Air Magic
  8832 | D:10     | Reached skill level 5 in Earth Magic
  8832 | D:10     | Reached skill level 5 in Poison Magic
  8846 | D:10     | Killed a purple ugly thing
  9087 | D:10     | Noticed a two-headed ogre
  9095 | D:10     | Killed a two-headed ogre
  9268 | D:10     | Found a sparkling altar of Nemelex Xobeh.
  9273 | D:10     | Learned a level 3 spell: Teleport Other
  9624 | D:11     | Noticed a cyclops
  9624 | D:11     | Noticed a two-headed ogre
  9625 | D:11     | Noticed a purple ugly thing
  9670 | D:11     | Killed a two-headed ogre
  9673 | D:11     | Killed a cyclops
  9894 | D:11     | Killed a purple ugly thing
 10154 | D:11     | Found a staircase to the Lair.
 10222 | D:11     | Noticed a boulder beetle
 10229 | D:11     | Killed a boulder beetle
 10324 | D:11     | Noticed a two-headed ogre
 10335 | D:11     | Killed a two-headed ogre
 10379 | D:11     | Found a staircase to the Orcish Mines.
 10789 | Orc:1    | Entered Level 1 of the Orcish Mines
 10789 | Orc:1    | Noticed Maurice
 10793 | Orc:1    | Noticed an orc sorcerer
 10795 | Orc:1    | Killed Maurice
 10796 | Orc:1    | Reached XP level 12. HP: 103/103 MP: 22/22
 11185 | Orc:2    | Entered Level 2 of the Orcish Mines
 11255 | Orc:2    | Reached *** piety under the Shining One
 11317 | Orc:2    | Found a staircase to the Elven Halls.
 11319 | Orc:1    | Noticed Fannar
 11347 | Orc:1    | Killed Fannar
 11919 | Orc:2    | Noticed a sun demon
 12163 | Orc:2    | Noticed a two-headed ogre
 12163 | Orc:2    | Noticed a two-headed ogre
 12163 | Orc:2    | Noticed a two-headed ogre
 12163 | Orc:2    | Noticed a two-headed ogre
 12163 | Orc:2    | Noticed a two-headed ogre
 12163 | Orc:2    | Noticed a two-headed ogre
 12164 | Orc:2    | Noticed a two-headed ogre
 12165 | Orc:2    | Noticed an ogre mage
 12165 | Orc:2    | Killed a two-headed ogre
 12166 | Orc:2    | Killed a two-headed ogre
 12169 | Orc:2    | Noticed a two-headed ogre
 12170 | Orc:2    | Noticed a two-headed ogre
 12170 | Orc:2    | Killed a two-headed ogre
 12170 | Orc:2    | Killed a two-headed ogre
 12170 | Orc:2    | Killed a two-headed ogre
 12170 | Orc:2    | Killed a two-headed ogre
 12170 | Orc:2    | Killed a two-headed ogre
 12170 | Orc:2    | Noticed an ogre mage
 12170 | Orc:2    | Noticed an ogre mage
 12172 | Orc:2    | Killed an ogre mage
 12172 | Orc:2    | Killed a two-headed ogre
 12173 | Orc:2    | Reached skill level 13 in Fighting
 12173 | Orc:2    | Reached XP level 13. HP: 100/111 MP: 21/25
 12224 | Orc:2    | Paralysed by an ogre mage for 5 turns
 12459 | Orc:2    | Found Etrufa Dahun's Jewellery Shoppe.
 12459 | Orc:2    | Found Gyklaut's Book Shop.
 12462 | Orc:2    | Found Ripiw's Antique Armour Boutique.
 12462 | Orc:2    | Found Remateodet's General Store.
 12491 | Orc:2    | Bought the +0 pair of gloves of Feasting {Will+ Str+4 Int+3
                  | Dex+3} for 457 gold pieces
 12950 | D:4      | Bought a +4 ring of slaying for 936 gold pieces
 13327 | Orc:2    | Bought a book of Sloth for 450 gold pieces
 13331 | Orc:2    | Learned a level 3 spell: Frozen Ramparts
 13337 | Orc:2    | Learned a level 5 spell: Metabolic Englaciation
 13342 | Orc:2    | Learned a level 4 spell: Petrify
 13439 | Lair:1   | Entered Level 1 of the Lair of Beasts
 13598 | Lair:1   | Slain by a catoblepas

Illustrated notes

Levels and vault maps discovered:
D:1:      scummos_arrival_checkerplants, layout_basic, minivault_4
D:2:      layout_rooms
D:3:      layout_loops_ring, nicolae_qazlal_scattered_showers, uniq_sigmund,
          uniq_ijyb
D:4:      layout_basic, serial_shops, nicolae_shop_advertising_works
          [nicolae_subvault_shop_adworks], nicolae_houndstooth_variations
D:5:      layout_basic, minmay_temple_entry_butterflies
D:6:      layout_rooms, ebering_ghost_sewer_d
D:7:      layout_basic, mainiacjoe_overflow_24_doors, lemuel_crystal_altar,
          serial_shops, nicolae_shop_stone
D:8:      layout_loops_corners, mainiacjoe_overflow_cross_hatched,
          mainiacjoe_overflow_surrounded_room, chequers_serial_rivers_micro_d
D:9:      layout_irregular_city, minmay_misc_feat_iff, uniq_grum, uniq_pikel
D:10:     layout_loops_ring, nicolae_hepliaklqana_hazy_memory,
          nicolae_overflow_crystal_walls, kennysheep_generic_room_16
D:11:     layout_basic, dpeg_oklobed_lair, david_orc_5
Temple:   nicolae_temple_no_exploring_needed
Lair:1:   layout_misc_corridors, lemuel_fruit_fields, serial_bayou_shore_a,
          grunt_megastairs_4, uniq_joseph
Orc:1:    minmay_goldmine, layout_caves, uniq_maurice, uniq_fannar
Orc:2:    st_orc_ogre_mass, layout_caves

Skill      XL: |  1  2  3  4  5  6  7  8  9 10 11 12 13 |
---------------+----------------------------------------+-----
Fighting       | 11 12 13 | 13.3
Invocations    | 1 2 3 4 5 6 7 8 9 |  9.3
Short Blades   | 1 2 3 4 6 7 8 |  8.5
Long Blades    | 1 2 3 4 6 7 8 |  8.5
Axes           | 1 2 3 4 6 7 8 |  8.5
Maces & Flails | 1 2 3 4 6 7 8 |  8.5
Polearms       | 1 2 3 4 6 7 8 |  8.5
Staves         | 1 2 3 4 6 7 8 |  8.5
Armour         | 1 2 3 4 6 7 8 |  8.5
Dodging        | 1 2 3 4 6 7 8 |  8.5
Stealth        | 1 2 3 4 6 7 8 |  8.5
Shields        | 1 2 3 4 6 7 8 |  8.5
Unarmed Combat | 1 2 3 4 6 7 8 |  8.5
Spellcasting   | 1 2 3 4 6 7 8 |  8.5
Ranged Weapons | 3 4 5 6 7 8 9 |  9.0
Conjurations   | 1 2 3 4 5 6 7 |  7.1
Hexes          | 1 2 3 4 5 6 7 |  7.1
Summonings     | 1 2 3 4 5 6 7 |  7.1
Necromancy     | 1 2 3 4 5 6 7 |  7.1
Translocations | 1 2 3 4 5 6 7 |  7.1
Transmutations | 1 2 3 4 5 6 7 |  7.1
Fire Magic     | 1 2 3 4 5 6 7 |  7.1
Ice Magic      | 1 2 3 4 5 6 7 |  7.1
Air Magic      | 1 2 3 4 5 6 7 |  7.1
Earth Magic    | 1 2 3 4 5 6 7 |  7.1
Poison Magic   | 1 2 3 4 5 6 7 |  7.1
Shapeshifting  | 1 2 3 4 5 6 7 |  7.8
Throwing       | 5 6 7 8 9 |  9.7
Evocations     | 5 6 7 8 9 |  9.7

Action                     |  1- 3 |  4- 6 |  7- 9 | 10-12 | 13-15 || total
---------------------------+-------+-------+-------+-------+-------++-------
  Melee: Dagger            |    42 |    86 |     3 |       |       ||   131
         Bite              |     6 |    10 |    48 |   123 |    27 ||   214
         Punch             |       |     1 |     1 |       |       ||     2
         Unarmed           |       |     5 |       |       |       ||     5
         Spear             |       |       |    77 |       |       ||    77
         Morningstar       |       |       |   222 |   632 |   128 ||   982
   Fire: Sling             |    94 |    53 |    28 |       |       ||   175
  Throw: Dart              |       |       |     2 |     8 |       ||    10
   Cast: Teleport Other    |       |       |       |     1 |       ||     1
         Frozen Ramparts   |       |       |       |       |     3 ||     3
 Invoke: Divine Shield     |       |       |       |     1 |     1 ||     2
  Evoke: Wand              |       |       |     6 |    19 |       ||    25
    Use: Potion            |     3 |     5 |     2 |     2 |     3 ||    15
         Scroll            |       |     9 |     5 |     4 |       ||    18
   Stab: Sleeping          |     1 |     2 |       |       |       ||     3
         Invisible         |       |     1 |     1 |       |       ||     2
 Armour: Leather armour    |    34 |    69 |   206 |   366 |    67 ||   742
         Ring mail         |       |       |     2 |    21 |       ||    23
  Dodge: Dodged            |    42 |    56 |   159 |   446 |    64 ||   767
  Block: Buckler           |       |       |    62 |   224 |    46 ||   332

Table legend: (Time is in decaauts)
 A = Elapsed time spent in this place.
 B = Non-inter-level travel time spent in this place.
 C = Inter-level travel time spent in this place.
 D = Time resting spent in this place.
 E = Time spent auto-exploring this place.
 F = Levels seen in this place.
 G = Mean time per level.
                   A        B        C        D        E       F      G
               +--------+--------+--------+--------+--------+-----+--------+
         Total |  13912 |  13067 |    845 |   2143 |   7853 |  15 |  927.5 |
       Dungeon |  11410 |  10749 |    661 |   1484 |   6862 |  11 | 1037.3 |
        Temple |     20 |     20 |      0 |      0 |      0 |   1 |   20.0 |
          Lair |    162 |    162 |      0 |      0 |    106 |   1 |  162.0 |
  Orcish Mines |   2319 |   2137 |    182 |    659 |    885 |   2 | 1159.5 |
               +--------+--------+--------+--------+--------+-----+--------+

Top non-repeatable levels by time:
     D:5: 1406 daAuts
   Orc:2: 1295 daAuts
    D:11: 1250 daAuts
     D:9: 1231 daAuts
     D:7: 1212 daAuts
     D:4: 1188 daAuts
    D:10: 1136 daAuts
     D:8: 1127 daAuts
   Orc:1: 1023 daAuts
     D:6: 980 daAuts
     D:3: 759 daAuts
     D:1: 578 daAuts
     D:2: 537 daAuts
  Lair:1: 162 daAuts
  Temple: 20 daAuts
